[ AOE2 MATCH · #487453221 ]
UnrankedJapanese vs Huns
[ REPLAY ANALYSIS · EXTRACTED FROM THE RECORDED GAME ]
Feudal
—
Castle
—
Imperial
—
| APM avg | 61.8 |
| APM peak | 113 |
| eAPM avg | 36.9 |
| Villagers / military | 99 / 25 |
Focus
⚔️ 45.5% · 🌾 54.5%
Galley ×23 · Fishing Ship ×19 · Unknown (2626) ×10 · Transport Ship ×2
Feudal
—
Castle
—
Imperial
—
| APM avg | 9.9 |
| APM peak | 26 |
| eAPM avg | 6.7 |
| Villagers / military | 36 / 8 |
Focus
⚔️ 9.4% · 🌾 90.6%
Spearman ×3 · Scout Cavalry ×3 · Militia ×2
Feudal
14:17
Castle
19:05
Imperial
—
| APM avg | 47.8 |
| APM peak | 77 |
| eAPM avg | 27.9 |
| Villagers / military | 74 / 22 |
Focus
⚔️ 33.4% · 🌾 66.6%
Genoese Crossbowman ×19 · Fishing Ship ×14 · Unknown (2626) ×5 · Mangonel ×3
Feudal
21:03
Castle
—
Imperial
—
| APM avg | 19.4 |
| APM peak | 37 |
| eAPM avg | 11.6 |
| Villagers / military | 50 / 18 |
Focus
⚔️ 15.8% · 🌾 84.2%
Militia ×14 · Fishing Ship ×7 · Scout Cavalry ×2 · Transport Ship ×2
Feudal
—
Castle
—
Imperial
—
| APM avg | 23.6 |
| APM peak | 88 |
| eAPM avg | 9.1 |
| Villagers / military | 26 / 0 |
Focus
⚔️ 22.5% · 🌾 77.5%
Feudal
14:47
Castle
28:35
Imperial
—
| APM avg | 18.8 |
| APM peak | 46 |
| eAPM avg | 11.5 |
| Villagers / military | 40 / 2 |
Focus
⚔️ 24.5% · 🌾 75.5%
Fishing Ship ×25 · Galley ×2 · Unknown (2626) ×2
Feudal
18:17
Castle
24:16
Imperial
—
| APM avg | 13.5 |
| APM peak | 31 |
| eAPM avg | 9.1 |
| Villagers / military | 50 / 9 |
Focus
⚔️ 14.4% · 🌾 85.6%
Rattan Archer ×6 · Archer ×3
Feudal
13:37
Castle
20:28
Imperial
—
| APM avg | 15.5 |
| APM peak | 30 |
| eAPM avg | 9.8 |
| Villagers / military | 49 / 3 |
Focus
⚔️ 18.5% · 🌾 81.5%
Fishing Ship ×15 · Demolition Raft ×2 · Spearman ×1
Match map
Initial resources + every placement click. Lines = walls · curves = elevation contours. ◆ gold · ⬟ stone · ● berries · ✦ relic · ◌ wall gap
Your base· Open — unwalled flank
Saramenec's base· Open — 11t gap
jorgito rafael videla's base· Open — unwalled flank
mandalvarado's base· Open — 13t gap
matute8314's base· Open — unwalled flank
unknowplayer's base· Open — unwalled flank
TONIO's base· Open — 7t gap
ABERDEEN's base· Open — unwalled flank
Smoothed initial terrain · ◌ = detected wall gap · hover for details
Inputs per minute
— Saturno 1343 - - Saramenec
Build order — Saturno 1343
First 150 of 225 actions detected
| 0:37 | Build | Town Center |
| 0:50 | Build | Dock |
| 0:52 | Build | Town Center |
| 1:27 | Build | House |
| 2:59 | Queue | Villager (Male) |
| 2:59 | Queue | Villager (Male) |
| 3:02 | Queue | Villager (Male) |
| 3:02 | Queue | Villager (Male) |
| 3:30 | Build | House |
| 4:19 | Queue | Fishing Ship |
| 4:19 | Queue | Fishing Ship |
| 4:21 | Queue | Villager (Male) |
| 4:21 | Queue | Villager (Male) |
| 5:06 | Queue | Fishing Ship |
| 5:06 | Queue | Fishing Ship |
| 5:23 | Queue | Villager (Male) |
| 5:45 | Queue | Villager (Male) |
| 6:04 | Queue | Fishing Ship |
| 6:04 | Queue | Fishing Ship |
| 6:19 | Queue | Villager (Male) |
| 6:19 | Queue | Villager (Male) |
| 6:21 | Build | House |
| 7:02 | Queue | Fishing Ship |
| 7:03 | Queue | Fishing Ship |
| 7:05 | Queue | Villager (Male) |
| 7:05 | Queue | Villager (Male) |
| 7:05 | Queue | Villager (Male) |
| 7:26 | Queue | Fishing Ship |
| 7:28 | Queue | Villager (Male) |
| 7:28 | Queue | Villager (Male) |
| 7:42 | Queue | Villager (Male) |
| 7:52 | Queue | Villager (Male) |
| 7:59 | Queue | Fishing Ship |
| 7:59 | Queue | Fishing Ship |
| 8:05 | Build | House |
| 8:13 | Queue | Villager (Male) |
| 8:29 | Queue | Villager (Male) |
| 8:39 | Build | House |
| 8:42 | Queue | Villager (Male) |
| 8:47 | Queue | Villager (Male) |
| 8:56 | Queue | Villager (Male) |
| 9:15 | Queue | Villager (Male) |
| 9:22 | Queue | Villager (Male) |
| 9:29 | Queue | Fishing Ship |
| 9:29 | Queue | Fishing Ship |
| 9:49 | Queue | Villager (Male) |
| 10:02 | Build | House |
| 10:07 | Queue | Fishing Ship |
| 10:24 | Queue | Villager (Male) |
| 10:39 | Build | Mining Camp |
| 10:43 | Research | Loom |
| 10:48 | Queue | Fishing Ship |
| 11:17 | Research | Feudal Age |
| 11:17 | Research | Feudal Age |
| 11:27 | Queue | Villager (Male) |
| 11:36 | Queue | Fishing Ship |
| 11:38 | Queue | Villager (Male) |
| 11:43 | Queue | Villager (Male) |
| 11:59 | Build | Dock |
| 12:09 | Build | Lumber Camp |
| 12:14 | Build | House |
| 12:16 | Queue | Villager (Male) |
| 13:00 | Build | House |
| 13:32 | Queue | Unit 2626 |
| 13:33 | Queue | Unit 2626 |
| 13:39 | Queue | Villager (Male) |
| 13:42 | Research | Double-Bit Axe |
| 13:44 | Queue | Villager (Male) |
| 14:02 | Queue | Unit 2626 |
| 14:02 | Queue | Unit 2626 |
| 14:04 | Queue | Villager (Male) |
| 14:19 | Queue | Villager (Male) |
| 14:31 | Queue | Villager (Male) |
| 14:34 | Queue | Transport Ship |
| 14:34 | Queue | Transport Ship |
| 14:53 | Queue | Villager (Male) |
| 14:57 | Queue | Villager (Male) |
| 15:06 | Queue | Unit 2626 |
| 15:08 | Queue | Unit 2626 |
| 15:15 | Queue | Unit 2626 |
| 15:15 | Queue | Unit 2626 |
| 15:36 | Build | Blacksmith |
| 15:50 | Research | Wheelbarrow |
| 15:50 | Research | Wheelbarrow |
| 16:05 | Queue | Villager (Male) |
| 16:18 | Queue | Villager (Male) |
| 17:05 | Queue | Villager (Male) |
| 17:09 | Build | Mill |
| 17:13 | Queue | Villager (Male) |
| 17:17 | Queue | Unit 2626 |
| 17:17 | Queue | Unit 2626 |
| 17:19 | Queue | Villager (Male) |
| 17:23 | Queue | Villager (Male) |
| 17:45 | Build | Market |
| 18:11 | Queue | Villager (Male) |
| 18:15 | Build | House |
| 18:17 | Research | Castle Age |
| 18:17 | Research | Castle Age |
| 18:20 | Research | Fletching |
| 18:24 | Queue | Villager (Male) |
| 18:31 | Queue | Villager (Male) |
| 18:35 | Queue | Villager (Male) |
| 18:37 | Queue | Villager (Male) |
| 18:41 | Queue | Villager (Male) |
| 18:51 | Queue | Villager (Male) |
| 18:53 | Queue | Galley |
| 18:54 | Queue | Galley |
| 18:59 | Queue | Villager (Male) |
| 19:02 | Queue | Villager (Male) |
| 19:04 | Queue | Villager (Male) |
| 19:15 | Queue | Villager (Male) |
| 19:26 | Queue | Villager (Male) |
| 19:46 | Queue | Galley |
| 19:46 | Queue | Galley |
| 19:53 | Queue | Villager (Male) |
| 19:56 | Build | Mill |
| 20:05 | Queue | Villager (Male) |
| 20:18 | Build | House |
| 20:38 | Queue | Villager (Male) |
| 20:57 | Queue | Galley |
| 20:57 | Queue | Galley |
| 21:05 | Research | Bodkin Arrow |
| 21:11 | Research | War Galley (upgrade) |
| 21:13 | Queue | Villager (Male) |
| 21:19 | Queue | Villager (Male) |
| 21:23 | Build | House |
| 21:29 | Build | Town Center |
| 21:33 | Build | Lumber Camp |
| 21:45 | Queue | Galley |
| 21:46 | Queue | Galley |
| 21:50 | Queue | Villager (Male) |
| 22:16 | Queue | Villager (Male) |
| 22:19 | Queue | Galley |
| 22:19 | Queue | Galley |
| 22:21 | Queue | Villager (Male) |
| 22:22 | Build | House |
| 23:05 | Queue | Galley |
| 23:05 | Queue | Galley |
| 23:06 | Queue | Villager (Male) |
| 23:07 | Build | House |
| 23:18 | Queue | Villager (Male) |
| 23:35 | Queue | Galley |
| 23:35 | Queue | Galley |
| 23:36 | Queue | Villager (Male) |
| 23:37 | Queue | Villager (Male) |
| 23:39 | Build | Farm |
| 23:39 | Build | Farm |
| 23:40 | Build | Farm |
| 23:44 | Queue | Villager (Male) |
| 23:52 | Queue | Villager (Male) |
Build order — Saramenec
80 actions detected in the replay
| 1:50 | Build | Town Center |
| 4:03 | Queue | Villager (Male) |
| 4:03 | Queue | Villager (Male) |
| 4:03 | Queue | Villager (Male) |
| 4:04 | Queue | Villager (Male) |
| 4:04 | Queue | Villager (Male) |
| 5:09 | Queue | Villager (Male) |
| 5:45 | Queue | Villager (Male) |
| 5:57 | Research | Loom |
| 6:18 | Queue | Villager (Male) |
| 6:31 | Queue | Villager (Male) |
| 6:43 | Queue | Villager (Male) |
| 7:28 | Queue | Villager (Male) |
| 7:36 | Queue | Villager (Male) |
| 8:21 | Queue | Villager (Male) |
| 8:21 | Queue | Villager (Male) |
| 8:53 | Build | Lumber Camp |
| 8:56 | Queue | Villager (Male) |
| 8:56 | Queue | Villager (Male) |
| 8:57 | Queue | Villager (Male) |
| 8:57 | Queue | Villager (Male) |
| 8:57 | Queue | Villager (Male) |
| 10:01 | Queue | Villager (Male) |
| 10:14 | Build | Mill |
| 10:33 | Build | Mill |
| 11:35 | Queue | Villager (Male) |
| 11:38 | Queue | Villager (Male) |
| 12:40 | Research | Feudal Age |
| 13:16 | Build | Mining Camp |
| 13:28 | Build | Mill |
| 14:40 | Build | Farm |
| 14:42 | Build | Farm |
| 14:46 | Build | Farm |
| 14:54 | Queue | Villager (Male) |
| 14:54 | Queue | Villager (Male) |
| 14:54 | Queue | Villager (Male) |
| 14:56 | Queue | Villager (Male) |
| 16:02 | Queue | Villager (Male) |
| 16:02 | Queue | Villager (Male) |
| 16:02 | Queue | Villager (Male) |
| 16:03 | Queue | Villager (Male) |
| 16:04 | Queue | Villager (Male) |
| 16:14 | Build | Market |
| 16:21 | Build | Outpost |
| 16:36 | Build | Farm |
| 16:37 | Build | Farm |
| 16:38 | Build | Farm |
| 16:42 | Build | Farm |
| 17:14 | Build | Blacksmith |
| 17:44 | Build | Farm |
| 18:19 | Queue | Villager (Male) |
| 18:36 | Build | Barracks |
| 19:27 | Queue | Villager (Male) |
| 19:28 | Queue | Villager (Male) |
| 19:31 | Queue | Villager (Male) |
| 19:31 | Queue | Villager (Male) |
| 19:46 | Build | Stable |
| 20:18 | Queue | Militia |
| 20:18 | Queue | Militia |
| 20:45 | Queue | Spearman |
| 20:45 | Queue | Spearman |
| 20:46 | Queue | Spearman |
| 20:53 | Queue | Scout Cavalry |
| 20:54 | Queue | Scout Cavalry |
| 20:54 | Queue | Scout Cavalry |
| 23:45 | Build | Mill |
| 24:08 | Research | Castle Age |
| 25:10 | Build | Lumber Camp |
| 26:09 | Research | Double-Bit Axe |
| 26:11 | Research | Horse Collar |
| 26:39 | Build | Town Center |
| 27:11 | Research | Castle Age |
| 27:22 | Build | Mining Camp |
| 27:47 | Build | Mining Camp |
| 27:57 | Build | Farm |
| 27:59 | Build | Farm |
| 28:14 | Build | Farm |
| 28:36 | Build | Farm |
| 28:40 | Build | Farm |
| 28:49 | Build | Farm |
Build order — jorgito rafael videla
First 150 of 168 actions detected
| 1:01 | Build | Town Center |
| 1:42 | Build | Dock |
| 2:45 | Build | House |
| 2:46 | Build | House |
| 3:28 | Queue | Villager (Male) |
| 3:29 | Queue | Villager (Male) |
| 3:29 | Queue | Villager (Male) |
| 3:29 | Queue | Villager (Male) |
| 3:29 | Queue | Villager (Male) |
| 3:29 | Queue | Villager (Male) |
| 5:09 | Queue | Villager (Male) |
| 5:09 | Queue | Villager (Male) |
| 5:10 | Queue | Villager (Male) |
| 5:10 | Queue | Villager (Male) |
| 5:10 | Queue | Villager (Male) |
| 5:44 | Queue | Villager (Male) |
| 5:45 | Queue | Villager (Male) |
| 6:22 | Queue | Villager (Male) |
| 6:22 | Queue | Villager (Male) |
| 6:23 | Queue | Villager (Male) |
| 6:36 | Queue | Villager (Male) |
| 6:37 | Queue | Villager (Male) |
| 7:00 | Queue | Villager (Male) |
| 7:00 | Queue | Villager (Male) |
| 7:00 | Queue | Villager (Male) |
| 7:38 | Queue | Fishing Ship |
| 7:38 | Queue | Fishing Ship |
| 7:46 | Build | House |
| 7:48 | Queue | Villager (Male) |
| 7:48 | Queue | Villager (Male) |
| 8:30 | Queue | Villager (Male) |
| 8:38 | Build | House |
| 8:50 | Queue | Villager (Male) |
| 8:50 | Queue | Villager (Male) |
| 9:14 | Queue | Villager (Male) |
| 9:20 | Queue | Fishing Ship |
| 9:29 | Queue | Villager (Male) |
| 9:52 | Queue | Villager (Male) |
| 10:08 | Queue | Fishing Ship |
| 10:08 | Queue | Fishing Ship |
| 10:08 | Queue | Fishing Ship |
| 11:02 | Build | Dock |
| 11:12 | Research | Loom |
| 11:31 | Build | Mining Camp |
| 11:38 | Queue | Villager (Male) |
| 11:49 | Queue | Villager (Male) |
| 11:54 | Build | Mill |
| 12:04 | Queue | Villager (Male) |
| 12:06 | Research | Feudal Age |
| 12:42 | Queue | Fishing Ship |
| 12:43 | Queue | Fishing Ship |
| 12:43 | Queue | Fishing Ship |
| 12:52 | Build | House |
| 13:22 | Queue | Villager (Male) |
| 13:27 | Build | House |
| 13:30 | Queue | Fishing Ship |
| 13:44 | Queue | Villager (Male) |
| 14:17 | Age | Feudal Age |
| 14:23 | Build | Blacksmith |
| 14:37 | Queue | Villager (Male) |
| 15:00 | Queue | Fishing Ship |
| 15:09 | Queue | Villager (Male) |
| 15:36 | Queue | Villager (Male) |
| 15:44 | Build | Market |
| 16:25 | Research | Castle Age |
| 16:25 | Research | Castle Age |
| 16:54 | Build | Palisade Gate |
| 16:56 | Build | Palisade Wall |
| 17:24 | Build | Lumber Camp |
| 18:00 | Research | Double-Bit Axe |
| 18:00 | Research | Double-Bit Axe |
| 18:07 | Research | Tech 906 |
| 18:27 | Research | Fletching |
| 18:40 | Queue | Fishing Ship |
| 18:40 | Queue | Fishing Ship |
| 18:41 | Queue | Fishing Ship |
| 19:05 | Age | Castle Age |
| 19:08 | Queue | Villager (Male) |
| 19:08 | Queue | Villager (Male) |
| 19:08 | Queue | Villager (Male) |
| 19:08 | Queue | Villager (Male) |
| 19:11 | Build | House |
| 19:12 | Build | House |
| 19:19 | Research | Town Watch |
| 19:19 | Research | Town Watch |
| 19:29 | Build | Castle |
| 19:54 | Queue | Villager (Male) |
| 19:54 | Queue | Villager (Male) |
| 19:54 | Queue | Villager (Male) |
| 19:55 | Queue | Villager (Male) |
| 19:55 | Queue | Villager (Male) |
| 19:55 | Queue | Villager (Male) |
| 19:55 | Queue | Villager (Male) |
| 19:56 | Queue | Villager (Male) |
| 19:56 | Queue | Villager (Male) |
| 19:56 | Queue | Villager (Male) |
| 20:23 | Build | Palisade Wall |
| 20:26 | Build | Palisade Wall |
| 20:30 | Build | Palisade Wall |
| 20:32 | Build | Palisade Wall |
| 21:11 | Build | Palisade Wall |
| 21:21 | Queue | Villager (Male) |
| 21:21 | Queue | Villager (Male) |
| 21:21 | Queue | Villager (Male) |
| 21:22 | Queue | Villager (Male) |
| 21:48 | Research | War Galley (upgrade) |
| 21:50 | Queue | Unit 2626 |
| 21:50 | Queue | Unit 2626 |
| 21:51 | Queue | Unit 2626 |
| 22:29 | Build | Town Center |
| 22:32 | Queue | Villager (Male) |
| 22:32 | Queue | Villager (Male) |
| 22:38 | Queue | Genoese Crossbowman |
| 22:39 | Queue | Genoese Crossbowman |
| 23:21 | Queue | Villager (Male) |
| 23:22 | Queue | Villager (Male) |
| 23:22 | Queue | Villager (Male) |
| 23:22 | Queue | Villager (Male) |
| 23:22 | Queue | Villager (Male) |
| 23:23 | Queue | Villager (Male) |
| 23:27 | Research | Bodkin Arrow |
| 23:39 | Build | Mining Camp |
| 24:02 | Queue | Villager (Male) |
| 24:02 | Queue | Villager (Male) |
| 24:02 | Queue | Villager (Male) |
| 24:18 | Queue | Genoese Crossbowman |
| 24:18 | Queue | Genoese Crossbowman |
| 24:18 | Queue | Genoese Crossbowman |
| 24:19 | Queue | Genoese Crossbowman |
| 24:23 | Queue | Genoese Crossbowman |
| 24:23 | Queue | Genoese Crossbowman |
| 24:38 | Queue | Unit 2626 |
| 24:39 | Queue | Unit 2626 |
| 24:47 | Build | House |
| 24:51 | Build | House |
| 24:54 | Build | Palisade Wall |
| 25:17 | Research | Gillnets |
| 25:19 | Queue | Villager (Male) |
| 25:19 | Queue | Villager (Male) |
| 25:19 | Queue | Villager (Male) |
| 25:39 | Build | Lumber Camp |
| 26:04 | Build | Palisade Wall |
| 26:16 | Queue | Villager (Male) |
| 26:16 | Queue | Villager (Male) |
| 26:17 | Queue | Villager (Male) |
| 26:21 | Queue | Genoese Crossbowman |
| 26:21 | Queue | Genoese Crossbowman |
| 26:21 | Queue | Genoese Crossbowman |
| 26:42 | Build | Siege Workshop |
| 26:48 | Queue | Genoese Crossbowman |
Build order — mandalvarado
127 actions detected in the replay
| 0:12 | Build | Town Center |
| 0:18 | Build | House |
| 2:50 | Queue | Villager (Male) |
| 2:51 | Queue | Villager (Male) |
| 2:56 | Queue | Villager (Male) |
| 3:40 | Build | Mill |
| 3:42 | Queue | Villager (Male) |
| 4:24 | Queue | Villager (Male) |
| 4:41 | Research | Loom |
| 4:57 | Build | House |
| 5:16 | Queue | Villager (Male) |
| 5:17 | Queue | Villager (Male) |
| 6:03 | Queue | Villager (Male) |
| 6:05 | Queue | Villager (Male) |
| 6:14 | Queue | Villager (Male) |
| 6:46 | Queue | Villager (Male) |
| 7:14 | Build | House |
| 7:37 | Queue | Villager (Male) |
| 7:37 | Queue | Villager (Male) |
| 8:12 | Queue | Villager (Male) |
| 8:33 | Queue | Villager (Male) |
| 8:52 | Queue | Villager (Male) |
| 9:20 | Queue | Villager (Male) |
| 9:34 | Build | Barracks |
| 9:52 | Queue | Villager (Male) |
| 10:10 | Build | House |
| 10:29 | Build | Lumber Camp |
| 10:35 | Build | Farm |
| 10:36 | Build | Farm |
| 10:42 | Queue | Militia |
| 11:19 | Build | Farm |
| 11:19 | Build | Farm |
| 11:31 | Build | Mining Camp |
| 11:33 | Queue | Villager (Male) |
| 11:34 | Queue | Villager (Male) |
| 11:39 | Queue | Militia |
| 12:06 | Queue | Villager (Male) |
| 12:28 | Build | Farm |
| 12:32 | Queue | Villager (Male) |
| 12:53 | Build | House |
| 12:54 | Build | House |
| 13:10 | Queue | Villager (Male) |
| 13:13 | Build | Farm |
| 13:14 | Build | Farm |
| 13:19 | Queue | Villager (Male) |
| 13:46 | Build | Farm |
| 13:48 | Build | Farm |
| 13:53 | Queue | Villager (Male) |
| 14:06 | Build | House |
| 14:28 | Queue | Villager (Male) |
| 14:49 | Build | Dock |
| 14:56 | Queue | Villager (Male) |
| 15:08 | Build | House |
| 15:28 | Queue | Fishing Ship |
| 15:29 | Queue | Fishing Ship |
| 15:58 | Queue | Villager (Male) |
| 15:58 | Queue | Villager (Male) |
| 16:31 | Queue | Villager (Male) |
| 17:01 | Queue | Villager (Male) |
| 17:05 | Queue | Fishing Ship |
| 17:06 | Queue | Fishing Ship |
| 17:20 | Queue | Villager (Male) |
| 17:26 | Queue | Transport Ship |
| 17:27 | Queue | Transport Ship |
| 17:34 | Build | Mining Camp |
| 17:37 | Queue | Villager (Male) |
| 17:58 | Queue | Villager (Male) |
| 18:09 | Build | Barracks |
| 18:14 | Build | Palisade Wall |
| 18:20 | Build | Palisade Wall |
| 18:25 | Queue | Villager (Male) |
| 18:51 | Research | Feudal Age |
| 19:10 | Build | Lumber Camp |
| 19:21 | Build | House |
| 19:22 | Build | House |
| 19:30 | Queue | Fishing Ship |
| 19:31 | Queue | Fishing Ship |
| 19:51 | Queue | Militia |
| 19:52 | Queue | Militia |
| 19:53 | Queue | Militia |
| 20:22 | Queue | Militia |
| 21:01 | Queue | Villager (Male) |
| 21:03 | Age | Feudal Age |
| 21:13 | Build | Stable |
| 21:19 | Build | Blacksmith |
| 21:23 | Research | Man-at-Arms (upgrade) |
| 21:24 | Queue | Militia |
| 21:24 | Queue | Militia |
| 21:34 | Queue | Villager (Male) |
| 21:36 | Queue | Villager (Male) |
| 22:02 | Queue | Villager (Male) |
| 22:07 | Queue | Scout Cavalry |
| 22:09 | Queue | Scout Cavalry |
| 22:10 | Queue | Militia |
| 22:39 | Build | House |
| 22:41 | Build | House |
| 22:42 | Build | House |
| 22:45 | Queue | Militia |
| 22:50 | Research | Forging |
| 23:15 | Queue | Militia |
| 23:28 | Queue | Villager (Male) |
| 23:46 | Build | Mill |
| 23:49 | Queue | Villager (Male) |
| 23:49 | Queue | Villager (Male) |
| 24:24 | Queue | Villager (Male) |
| 24:29 | Queue | Fishing Ship |
| 24:30 | Research | Tech 906 |
| 24:37 | Queue | Militia |
| 25:17 | Queue | Villager (Male) |
| 25:18 | Queue | Villager (Male) |
| 25:25 | Queue | Militia |
| 26:30 | Queue | Villager (Male) |
| 26:31 | Queue | Villager (Male) |
| 26:44 | Queue | Villager (Male) |
| 26:45 | Queue | Villager (Male) |
| 26:53 | Build | Mill |
| 26:55 | Build | Farm |
| 26:56 | Build | Farm |
| 26:56 | Build | Farm |
| 26:57 | Build | Farm |
| 26:57 | Build | Farm |
| 26:59 | Build | Farm |
| 26:59 | Build | Farm |
| 27:01 | Build | Farm |
| 27:15 | Queue | Villager (Male) |
| 27:17 | Research | Castle Age |
| 27:38 | Queue | Militia |
Build order — matute8314
67 actions detected in the replay
| 0:16 | Build | Barracks |
| 1:00 | Build | Town Center |
| 3:15 | Queue | Villager (Male) |
| 3:16 | Queue | Villager (Male) |
| 3:16 | Queue | Villager (Male) |
| 3:16 | Queue | Villager (Male) |
| 3:16 | Queue | Villager (Male) |
| 4:37 | Queue | Villager (Male) |
| 4:37 | Queue | Villager (Male) |
| 5:59 | Queue | Villager (Male) |
| 6:01 | Research | Loom |
| 6:02 | Queue | Villager (Male) |
| 6:02 | Queue | Villager (Male) |
| 6:02 | Queue | Villager (Male) |
| 6:39 | Queue | Villager (Male) |
| 6:40 | Queue | Villager (Male) |
| 6:40 | Queue | Villager (Male) |
| 7:39 | Queue | Villager (Male) |
| 9:21 | Build | Palisade Wall |
| 9:28 | Build | Palisade Wall |
| 9:36 | Build | Palisade Wall |
| 9:37 | Build | Palisade Wall |
| 10:03 | Build | Palisade Wall |
| 10:05 | Build | Palisade Wall |
| 10:10 | Build | Palisade Wall |
| 10:21 | Build | Palisade Gate |
| 10:32 | Build | Palisade Gate |
| 10:44 | Queue | Villager (Male) |
| 10:44 | Queue | Villager (Male) |
| 11:27 | Build | Palisade Gate |
| 11:32 | Build | Palisade Wall |
| 11:35 | Build | Palisade Wall |
| 12:15 | Build | Palisade Gate |
| 12:31 | Queue | Villager (Male) |
| 12:31 | Queue | Villager (Male) |
| 13:37 | Build | Lumber Camp |
| 14:34 | Build | Mining Camp |
| 14:58 | Research | Feudal Age |
| 15:11 | Build | Palisade Wall |
| 15:14 | Build | Palisade Wall |
| 15:19 | Build | Palisade Wall |
| 16:23 | Queue | Villager (Male) |
| 16:23 | Queue | Villager (Male) |
| 17:20 | Build | Blacksmith |
| 18:39 | Build | Mill |
| 18:54 | Queue | Villager (Male) |
| 18:54 | Queue | Villager (Male) |
| 19:16 | Build | Farm |
| 19:16 | Build | Farm |
| 19:16 | Build | Farm |
| 19:17 | Build | Farm |
| 21:24 | Build | Market |
| 22:54 | Build | Palisade Gate |
| 23:09 | Research | Wheelbarrow |
| 23:09 | Research | Castle Age |
| 23:09 | Research | Castle Age |
| 23:12 | Research | Castle Age |
| 23:12 | Research | Castle Age |
| 23:38 | Build | Lumber Camp |
| 27:42 | Build | Castle |
| 27:49 | Build | Palisade Wall |
| 28:10 | Queue | Villager (Male) |
| 28:11 | Queue | Villager (Male) |
| 28:11 | Queue | Villager (Male) |
| 28:20 | Build | Mining Camp |
| 29:14 | Build | Mining Camp |
| 29:19 | Build | Mining Camp |
Build order — unknowplayer
126 actions detected in the replay
| 0:43 | Build | Town Center |
| 1:36 | Build | Dock |
| 1:55 | Build | House |
| 3:09 | Queue | Villager (Male) ×4 |
| 4:08 | Queue | Villager (Male) |
| 4:08 | Queue | Villager (Male) |
| 4:36 | Queue | Villager (Male) |
| 4:37 | Queue | Villager (Male) |
| 5:03 | Queue | Fishing Ship |
| 5:03 | Queue | Fishing Ship |
| 5:44 | Queue | Villager (Male) |
| 5:45 | Queue | Villager (Male) |
| 5:49 | Build | House |
| 5:50 | Research | Loom |
| 5:51 | Research | Loom |
| 6:08 | Queue | Villager (Male) |
| 6:08 | Queue | Villager (Male) |
| 6:32 | Queue | Villager (Male) |
| 6:33 | Queue | Fishing Ship |
| 7:11 | Queue | Fishing Ship |
| 7:24 | Queue | Fishing Ship |
| 7:42 | Queue | Villager (Male) |
| 7:52 | Queue | Fishing Ship |
| 8:01 | Build | House |
| 8:13 | Queue | Villager (Male) |
| 8:43 | Build | Dock |
| 8:48 | Queue | Villager (Male) |
| 9:00 | Queue | Villager (Male) |
| 9:01 | Queue | Villager (Male) |
| 9:22 | Queue | Villager (Male) |
| 9:23 | Queue | Fishing Ship |
| 9:47 | Build | House |
| 9:48 | Build | House |
| 9:58 | Queue | Fishing Ship |
| 10:16 | Build | House |
| 10:20 | Queue | Villager (Male) |
| 10:48 | Build | House |
| 10:53 | Queue | Villager (Male) |
| 11:02 | Queue | Fishing Ship |
| 11:02 | Queue | Fishing Ship |
| 11:02 | Queue | Fishing Ship |
| 11:14 | Queue | Villager (Male) |
| 11:22 | Build | House |
| 11:59 | Build | Lumber Camp |
| 12:07 | Build | House |
| 12:10 | Queue | Villager (Male) |
| 12:17 | Queue | Fishing Ship |
| 12:18 | Queue | Fishing Ship |
| 12:28 | Queue | Fishing Ship |
| 12:28 | Queue | Fishing Ship |
| 12:37 | Research | Feudal Age |
| 12:54 | Queue | Fishing Ship |
| 12:54 | Queue | Fishing Ship |
| 12:58 | Queue | Fishing Ship |
| 13:23 | Queue | Villager (Male) |
| 13:28 | Build | Mining Camp |
| 13:41 | Build | House |
| 13:43 | Build | House |
| 13:46 | Queue | Fishing Ship |
| 13:46 | Queue | Fishing Ship |
| 14:11 | Queue | Villager (Male) |
| 14:25 | Build | Lumber Camp |
| 14:47 | Age | Feudal Age |
| 14:52 | Queue | Galley |
| 14:56 | Queue | Galley |
| 15:24 | Queue | Unit 2626 |
| 15:31 | Queue | Villager (Male) |
| 15:32 | Research | Double-Bit Axe |
| 15:33 | Research | Double-Bit Axe |
| 15:55 | Queue | Unit 2626 |
| 16:04 | Research | Wheelbarrow |
| 16:19 | Build | Watch Tower |
| 16:24 | Build | Watch Tower |
| 16:34 | Queue | Villager (Male) |
| 16:42 | Queue | Fishing Ship |
| 17:39 | Queue | Villager (Male) |
| 17:44 | Queue | Fishing Ship |
| 17:44 | Queue | Fishing Ship |
| 17:53 | Queue | Fishing Ship |
| 17:55 | Queue | Fishing Ship |
| 18:30 | Build | Watch Tower |
| 18:38 | Queue | Villager (Male) |
| 18:38 | Queue | Villager (Male) |
| 19:55 | Queue | Villager (Male) |
| 19:55 | Queue | Villager (Male) |
| 20:13 | Build | Lumber Camp |
| 20:38 | Build | Blacksmith |
| 21:05 | Queue | Villager (Male) |
| 21:56 | Build | Barracks |
| 22:01 | Queue | Villager (Male) |
| 22:20 | Queue | Villager (Male) |
| 22:40 | Research | Fletching |
| 22:41 | Research | Fletching |
| 23:26 | Build | Mill |
| 24:59 | Queue | Villager (Male) ×5 |
| 25:19 | Build | Stable |
| 25:51 | Build | Mining Camp |
| 25:55 | Research | Castle Age |
| 25:55 | Research | Castle Age |
| 26:10 | Research | Horse Collar |
| 26:11 | Research | Horse Collar |
| 26:26 | Build | Mining Camp |
| 27:16 | Build | Farm |
| 27:18 | Build | Farm |
| 27:19 | Build | Farm |
| 27:24 | Build | Farm |
| 27:25 | Build | Farm |
| 27:25 | Build | Farm |
| 27:25 | Build | Farm |
| 27:25 | Build | Farm |
| 27:26 | Build | Farm |
| 27:26 | Build | Farm |
| 27:26 | Build | Farm |
| 27:26 | Build | Farm |
| 28:05 | Build | House |
| 28:35 | Age | Castle Age |
| 28:58 | Build | University |
| 29:01 | Research | Heavy Plow |
| 29:01 | Research | Heavy Plow |
| 29:03 | Research | Bow Saw |
| 29:03 | Research | Bow Saw |
| 29:05 | Research | Gold Mining |
| 29:06 | Research | Gold Mining |
| 29:07 | Research | Stone Mining |
| 29:07 | Research | Stone Mining |
| 29:20 | Build | Siege Workshop |
Build order — TONIO
120 actions detected in the replay
| 0:55 | Build | Town Center |
| 1:27 | Build | Town Center |
| 3:32 | Build | House |
| 3:35 | Queue | Villager (Male) |
| 3:35 | Queue | Villager (Male) |
| 3:35 | Queue | Villager (Male) |
| 3:42 | Build | House |
| 3:48 | Queue | Villager (Male) |
| 3:48 | Queue | Villager (Male) |
| 4:13 | Research | Loom |
| 5:02 | Queue | Villager (Male) |
| 5:02 | Queue | Villager (Male) |
| 5:54 | Queue | Villager (Male) |
| 5:55 | Queue | Villager (Male) |
| 5:55 | Queue | Villager (Male) |
| 6:14 | Queue | Villager (Male) |
| 6:15 | Queue | Villager (Male) |
| 6:40 | Queue | Villager (Male) |
| 6:40 | Queue | Villager (Male) |
| 6:59 | Queue | Villager (Male) |
| 7:11 | Build | House |
| 7:59 | Build | Lumber Camp |
| 8:01 | Queue | Villager (Male) |
| 8:01 | Queue | Villager (Male) |
| 9:38 | Queue | Villager (Male) |
| 9:38 | Queue | Villager (Male) |
| 9:39 | Queue | Villager (Male) |
| 9:39 | Queue | Villager (Male) |
| 9:40 | Queue | Villager (Male) |
| 10:19 | Build | Barracks |
| 11:10 | Build | House |
| 11:20 | Build | Mill |
| 11:43 | Build | Lumber Camp |
| 12:04 | Build | House |
| 12:07 | Build | House |
| 12:16 | Queue | Villager (Male) |
| 12:16 | Queue | Villager (Male) |
| 12:17 | Queue | Villager (Male) |
| 12:17 | Queue | Villager (Male) |
| 12:40 | Build | Farm |
| 12:41 | Build | Farm |
| 12:41 | Build | Farm |
| 12:43 | Build | Farm |
| 12:45 | Build | Farm |
| 13:05 | Build | Farm |
| 13:33 | Build | Outpost |
| 13:49 | Build | Outpost |
| 13:58 | Build | Outpost |
| 14:07 | Queue | Villager (Male) |
| 14:07 | Queue | Villager (Male) |
| 14:07 | Queue | Villager (Male) |
| 14:08 | Queue | Villager (Male) |
| 14:08 | Queue | Villager (Male) |
| 14:09 | Queue | Villager (Male) |
| 14:18 | Queue | Villager (Male) |
| 14:18 | Queue | Villager (Male) |
| 14:32 | Build | Farm |
| 14:36 | Build | Farm |
| 14:45 | Build | Farm |
| 14:48 | Build | Farm |
| 15:23 | Build | Palisade Wall |
| 15:33 | Build | Farm |
| 16:01 | Build | Mining Camp |
| 16:07 | Research | Feudal Age |
| 16:21 | Build | Outpost |
| 17:10 | Build | Palisade Gate |
| 17:32 | Build | Farm |
| 17:37 | Build | Farm |
| 17:54 | Build | Mining Camp |
| 18:17 | Age | Feudal Age |
| 18:19 | Queue | Villager (Male) |
| 18:20 | Queue | Villager (Male) |
| 18:33 | Build | Market |
| 18:41 | Build | Blacksmith |
| 18:47 | Queue | Villager (Male) |
| 18:47 | Queue | Villager (Male) |
| 19:07 | Build | Archery Range |
| 20:35 | Build | Watch Tower |
| 21:02 | Build | Gate |
| 21:05 | Build | Gate |
| 21:07 | Build | Gate |
| 21:28 | Research | Double-Bit Axe |
| 21:36 | Research | Castle Age |
| 21:45 | Queue | Archer |
| 21:46 | Queue | Archer |
| 21:46 | Queue | Archer |
| 21:51 | Build | Farm |
| 22:12 | Build | House |
| 23:06 | Build | House |
| 24:16 | Age | Castle Age |
| 24:58 | Build | Castle |
| 25:16 | Queue | Villager (Male) |
| 25:17 | Queue | Villager (Male) |
| 25:17 | Queue | Villager (Male) |
| 25:17 | Queue | Villager (Male) |
| 25:17 | Queue | Villager (Male) |
| 25:44 | Research | Bow Saw |
| 25:55 | Build | House |
| 26:04 | Build | House |
| 26:25 | Build | House |
| 26:27 | Build | House |
| 27:01 | Build | Lumber Camp |
| 27:07 | Queue | Villager (Male) |
| 27:07 | Queue | Villager (Male) |
| 27:08 | Queue | Villager (Male) |
| 27:08 | Queue | Villager (Male) |
| 27:12 | Queue | Rattan Archer ×2 |
| 27:12 | Queue | Rattan Archer ×2 |
| 27:12 | Queue | Rattan Archer ×2 |
| 27:55 | Queue | Villager (Male) |
| 27:56 | Queue | Villager (Male) |
| 27:57 | Queue | Villager (Male) |
| 28:14 | Research | Forging |
| 28:19 | Research | Padded Archer Armor |
| 28:37 | Build | University |
| 28:40 | Build | House |
| 28:41 | Build | House |
| 28:44 | Build | House |
| 28:45 | Build | House |
| 29:21 | Research | Thumb Ring |
Build order — ABERDEEN
122 actions detected in the replay
| 0:13 | Build | House |
| 0:56 | Build | Town Center |
| 2:10 | Build | Dock |
| 3:21 | Queue | Villager (Male) |
| 3:21 | Queue | Villager (Male) |
| 3:21 | Queue | Villager (Male) |
| 3:21 | Queue | Villager (Male) |
| 3:22 | Queue | Villager (Male) |
| 3:23 | Queue | Villager (Male) |
| 4:03 | Queue | Fishing Ship |
| 4:03 | Queue | Fishing Ship |
| 4:46 | Queue | Villager (Male) |
| 4:46 | Queue | Villager (Male) |
| 4:49 | Queue | Fishing Ship |
| 5:04 | Build | House |
| 5:57 | Queue | Fishing Ship |
| 6:01 | Build | House |
| 6:29 | Queue | Villager (Male) |
| 6:30 | Queue | Villager (Male) |
| 6:36 | Queue | Fishing Ship |
| 6:40 | Build | House |
| 6:54 | Queue | Villager (Male) |
| 6:54 | Queue | Villager (Male) |
| 7:29 | Queue | Villager (Male) |
| 7:43 | Queue | Fishing Ship |
| 7:43 | Queue | Fishing Ship |
| 7:58 | Queue | Villager (Male) |
| 7:58 | Queue | Villager (Male) |
| 7:59 | Queue | Villager (Male) |
| 8:00 | Queue | Villager (Male) |
| 8:34 | Queue | Villager (Male) |
| 8:35 | Queue | Villager (Male) |
| 8:45 | Queue | Fishing Ship |
| 8:51 | Queue | Villager (Male) |
| 8:52 | Queue | Villager (Male) |
| 9:03 | Queue | Fishing Ship |
| 9:05 | Build | House |
| 9:22 | Queue | Villager (Male) |
| 9:22 | Queue | Villager (Male) |
| 9:28 | Queue | Fishing Ship |
| 9:50 | Queue | Villager (Male) |
| 10:27 | Queue | Villager (Male) |
| 10:45 | Build | Mining Camp |
| 11:02 | Queue | Fishing Ship |
| 11:34 | Research | Feudal Age |
| 11:52 | Queue | Fishing Ship |
| 11:53 | Queue | Fishing Ship |
| 12:35 | Build | House |
| 12:44 | Queue | Villager (Male) |
| 12:45 | Queue | Villager (Male) |
| 13:30 | Build | House |
| 13:32 | Queue | Fishing Ship |
| 13:33 | Queue | Fishing Ship |
| 13:37 | Age | Feudal Age |
| 14:24 | Build | Blacksmith |
| 14:50 | Build | Mill |
| 14:57 | Queue | Villager (Male) |
| 14:57 | Queue | Villager (Male) |
| 14:58 | Queue | Villager (Male) |
| 14:58 | Queue | Villager (Male) |
| 15:03 | Build | House |
| 15:09 | Queue | Demolition Raft |
| 15:10 | Queue | Demolition Raft |
| 15:51 | Build | House |
| 16:11 | Build | Market |
| 16:30 | Build | Lumber Camp |
| 17:01 | Build | Watch Tower |
| 17:17 | Queue | Villager (Male) |
| 17:17 | Queue | Villager (Male) |
| 17:17 | Queue | Villager (Male) |
| 17:17 | Queue | Villager (Male) |
| 17:35 | Research | Town Watch |
| 17:59 | Research | Castle Age |
| 18:17 | Build | Barracks |
| 18:30 | Research | Double-Bit Axe |
| 18:34 | Build | House |
| 18:35 | Build | House |
| 18:36 | Build | House |
| 18:58 | Queue | Villager (Male) |
| 18:59 | Queue | Villager (Male) |
| 19:02 | Queue | Spearman |
| 19:48 | Build | Mining Camp |
| 19:53 | Research | Stone Mining |
| 20:05 | Build | House |
| 20:06 | Build | House |
| 20:28 | Age | Castle Age |
| 21:00 | Research | Wheelbarrow |
| 21:06 | Research | Fletching |
| 21:14 | Research | Horse Collar |
| 22:29 | Build | Lumber Camp |
| 22:57 | Build | Watch Tower |
| 23:18 | Queue | Villager (Male) |
| 23:18 | Queue | Villager (Male) |
| 23:18 | Queue | Villager (Male) |
| 23:18 | Queue | Villager (Male) |
| 24:01 | Build | Mining Camp |
| 24:08 | Build | Mining Camp |
| 24:29 | Build | Lumber Camp |
| 25:16 | Queue | Villager (Male) |
| 25:17 | Queue | Villager (Male) |
| 25:17 | Queue | Villager (Male) |
| 25:17 | Queue | Villager (Male) |
| 25:18 | Queue | Villager (Male) |
| 25:18 | Queue | Villager (Male) |
| 25:26 | Build | Farm |
| 25:29 | Build | Farm |
| 25:32 | Build | Farm |
| 25:39 | Build | Town Center |
| 25:59 | Queue | Villager (Male) |
| 25:59 | Queue | Villager (Male) |
| 26:03 | Research | Bow Saw |
| 26:17 | Build | Farm |
| 26:26 | Build | Farm |
| 26:28 | Build | Farm |
| 26:47 | Build | Town Center |
| 27:22 | Build | Farm |
| 27:25 | Build | Farm |
| 27:28 | Research | Loom |
| 27:32 | Research | Town Patrol |
| 27:42 | Build | Farm |
| 27:44 | Build | Farm |
| 28:14 | Build | Castle |
Match timeline
| 0:16 | matute8314 · first_building Barracks |
| 0:50 | Saturno 1343 · first_building Dock |
| 1:36 | unknowplayer · first_building Dock |
| 1:42 | jorgito rafael videla · first_building Dock |
| 2:10 | ABERDEEN · first_building Dock |
| 9:21 | matute8314 · wall_segment Palisade Wall x1 |
| 9:28 | matute8314 · wall_segment Palisade Wall x1 |
| 9:34 | mandalvarado · first_building Barracks |
| 9:36 | matute8314 · wall_segment Palisade Wall x1 |
| 9:37 | matute8314 · wall_segment Palisade Wall x1 |
| 10:03 | matute8314 · wall_segment Palisade Wall x1 |
| 10:05 | matute8314 · wall_segment Palisade Wall x1 |
| 10:10 | matute8314 · wall_segment Palisade Wall x1 |
| 10:19 | TONIO · first_building Barracks |
| 11:32 | matute8314 · wall_segment Palisade Wall x1 |
| 11:35 | matute8314 · wall_segment Palisade Wall x1 |
| 13:37 | ABERDEEN · age_up feudal |
| 14:17 | jorgito rafael videla · age_up feudal |
| 14:47 | unknowplayer · age_up feudal |
| 14:49 | mandalvarado · first_building Dock |
| 15:11 | matute8314 · wall_segment Palisade Wall x1 |
| 15:14 | matute8314 · wall_segment Palisade Wall x1 |
| 15:19 | matute8314 · wall_segment Palisade Wall x1 |
| 15:23 | TONIO · wall_segment Palisade Wall x3 |
| 16:24 | jorgito rafael videla · first_market_sell 100 stone |
| 16:56 | jorgito rafael videla · wall_segment Palisade Wall x1 |
| 18:14 | mandalvarado · wall_segment Palisade Wall x1 |
| 18:17 | ABERDEEN · first_building Barracks |
| 18:17 | TONIO · age_up feudal |
| 18:20 | mandalvarado · wall_segment Palisade Wall x1 |
| 18:36 | Saramenec · first_building Barracks |
| 19:05 | jorgito rafael videla · age_up castle |
| 19:07 | TONIO · first_building Archery Range |
| 19:29 | jorgito rafael videla · first_building Castle |
| 19:46 | Saramenec · first_building Stable |
| 20:23 | jorgito rafael videla · wall_segment Palisade Wall x1 |
| 20:26 | jorgito rafael videla · wall_segment Palisade Wall x1 |
| 20:28 | ABERDEEN · age_up castle |
| 20:30 | jorgito rafael videla · wall_segment Palisade Wall x1 |
| 20:32 | jorgito rafael videla · wall_segment Palisade Wall x1 |
| 21:03 | mandalvarado · age_up feudal |
| 21:11 | jorgito rafael videla · wall_segment Palisade Wall x1 |
| 21:13 | mandalvarado · first_building Stable |
| 21:56 | unknowplayer · first_building Barracks |
| 22:04 | jorgito rafael videla · first_market_buy 100 stone |
| 22:06 | matute8314 · first_market_sell 100 stone |
| 22:10 | matute8314 · first_market_buy 100 food |
| 24:04 | matute8314 · tribute_sent a jugador 1 |
| 24:04 | matute8314 · tribute_sent a jugador 2 |
| 24:04 | matute8314 · tribute_sent a jugador 3 |
| 24:04 | matute8314 · tribute_sent a jugador 5 |
| 24:04 | matute8314 · tribute_sent a jugador 6 |
| 24:04 | matute8314 · tribute_sent a jugador 7 |
| 24:04 | matute8314 · tribute_sent a jugador 8 |
| 24:15 | TONIO · first_market_sell 100 wood |
| 24:16 | TONIO · age_up castle |
| 24:18 | TONIO · first_market_buy 500 stone |
| 24:24 | Saturno 1343 · first_market_buy 100 wood |
| 24:54 | jorgito rafael videla · wall_segment Palisade Wall x8 |
| 24:58 | TONIO · first_building Castle |
| 25:19 | unknowplayer · first_building Stable |
| 26:04 | jorgito rafael videla · wall_segment Palisade Wall x10 |
| 26:42 | jorgito rafael videla · first_building Siege Workshop |
| 27:42 | matute8314 · first_building Castle |
| 27:49 | matute8314 · wall_segment Palisade Wall x1 |
| 28:14 | ABERDEEN · first_building Castle |
| 28:35 | unknowplayer · age_up castle |
| 29:20 | unknowplayer · first_building Siege Workshop |
| 29:30 | ABERDEEN · resign |
[ AI ANALYSIS · 1 CREDIT ]
What really happened in this match?
Wolo.gg analyzes every decision: build order, eco, micro, common mistakes by bracket. Personalized analysis on WhatsApp or Discord in 30 seconds.
Civ guide
Japanese
Perfil
Jugador #24977465